Map: Primeval Wilds

Players

Kite

  • Race: Protoss Protoss
  • Spawn Location: 3:00

Major

  • Race: Terran Terran
  • League: Silver
  • Spawn Location: 12:00

Winthrowe

  • Race: Protoss Protoss
  • League: Silver
  • Spawn Location: 9:00

Nikitta

  • Race: Terran Terran
  • Spawn Location: 12:00

LERATUL - Winner!

  • Race: Protoss Protoss
  • Spawn Location: 6:00

wwwaldo - Winner!

  • Race: Protoss Protoss
  • Spawn Location: 7:00

Titus - Winner!

  • Race: Protoss Protoss
  • League: Silver
  • Spawn Location: 6:00

gingas - Winner!

  • Race: Protoss Protoss
  • Spawn Location: 5:00

VOD

Have the link to the VOD?

Description

Time

  • Played on: Sept. 2, 2017, 8:10 p.m.
  • Length: 14:00
Show
View Real Time Build Order
Export as new Build Order

Kite Protoss 

Build Orders:  

Get SALT Encoding   

  12  0:03  Probe (Chrono Boost)  
  13  0:13  Probe (Chrono Boost)  
  14  0:24  Probe (Chrono Boost)  
  15  0:33  Pylon  
  15  0:40  Pylon  
  15  0:51  Probe (Chrono Boost)  
  16  1:02  Probe (Chrono Boost)  
  17  1:10  Gateway  
  17  1:27  Assimilator  
  17  1:44  Probe (Chrono Boost)  
  18  1:54  Probe (Chrono Boost)  
  18  2:25  Nexus  
  18  2:32  Pylon  
  17  2:52  Forge  
  17  2:56  Pylon  
  17  3:28  Photon Cannon  
  17  4:05  Photon Cannon  
  17  4:08  Photon Cannon  
  17  4:15  Assimilator  
  17  4:20  Assimilator  
  17  4:24  Pylon  
  17  4:47  Photon Cannon  
  17  4:51  Photon Cannon  
  17  4:59  Probe (Chrono Boost)  
  18  5:09  Probe (Chrono Boost)  
  19  5:20  Probe (Chrono Boost)  
  20  5:31  Probe (Chrono Boost)  
  20  5:34  Gateway  
  21  5:38  Photon Cannon  
  21  5:41  Probe (Chrono Boost)  
  22  6:31  Nexus  
  22  6:36  Pylon  
  22  6:38  Pylon  
  22  6:41  Probe (Chrono Boost)  
  23  6:52  Probe (Chrono Boost)  
  24  6:55  Cybernetics Core  
  24  7:02  Probe (Chrono Boost)  
  25  7:13  Probe (Chrono Boost)  
  26  7:23  Probe (Chrono Boost)  
  26  7:24  Photon Cannon  
  26  7:28  Photon Cannon  
  27  7:31  Photon Cannon  
  27  7:36  Photon Cannon  
  27  7:38  Photon Cannon  
  27  7:45  Probe (Chrono Boost)  
  28  7:55  Probe (Chrono Boost)  
  29  8:06  Probe (Chrono Boost)  
  29  8:07  Probe (Chrono Boost)  
  31  8:17  Assimilator, Probe x2 (Chrono Boost)  
  33  8:22  Assimilator  
  33  8:25  Stargate  
  33  8:27  Probe (Chrono Boost)  
  33  8:28  Probe (Chrono Boost)  
  34  8:38  Probe x2 (Chrono Boost)  
  30  8:48  Probe (Chrono Boost)  
Show
View Real Time Build Order
Export as new Build Order

Major Terran 

Build Orders: MMM Bio 

Get SALT Encoding   

  12  0:02  SCV  
  13  0:14  SCV  
  14  0:22  Supply Depot  
  14  0:27  SCV  
  15  0:44  Supply Depot, SCV  
  16  0:52  Barracks  
  16  0:57  SCV  
  17  1:09  SCV  
  17  1:10  Refinery  
  18  1:12  Refinery  
  18  1:21  SCV  
  19  1:29  Barracks  
  19  1:39  Orbital Command  
  19  1:48  Supply Depot  
  19  1:52  Reaper  
  20  2:05  SCV  
  21  2:21  Factory  
  21  2:36  Command Center  
  21  2:43  SCV  
  22  2:49  Reaper x2  
  24  3:05  Factory  
  24  3:10  SCV  
  24  3:12  Factory Tech Lab  
  25  3:19  Bunker  
  25  3:36  Siege Tank  
  28  3:46  Reaper x2  
  30  3:59  Factory Tech Lab  
  30  4:08  Orbital Command, Siege Tank  
  33  4:18  Reaper  
  34  4:35  Refinery  
  34  4:37  Refinery  
  34  4:52  Reaper x2  
  36  4:56  SCV  
  37  5:07  Barracks  
  37  5:08  SCV, Barracks  
  38  5:18  Starport  
  38  5:19  Starport  
  38  5:20  SCV  
  38  5:21  SCV  
  40  5:33  SCV x2  
  42  5:38  Barracks Reactor x2  
  42  5:45  SCV x2  
  44  5:57  SCV x2  
  46  6:09  SCV  
  46  6:10  Barracks Tech Lab x2  
  46  6:30  Starport  
  46  6:31  Starport  
  46  6:33  Starport Tech Lab x2  
  46  6:36  SCV  
  47  6:44  Combat Shields  
  47  6:46  Stimpack  
  47  6:47  Reaper x4  
  47  6:48  SCV, Reaper x2  
  54  7:00  SCV  
  55  7:12  SCV  
  56  7:18  Starport Tech Lab x2  
  56  7:19  Marine x4, Reaper  
  56  7:20  Marine  
  56  7:21  High Capacity Fuel Tanks  
  62  7:24  SCV  
  63  7:37  Marine x4  
  63  7:38  Reaper  
  68  7:51  Marine  
  68  7:55  Marine  
  70  8:02  Engineering Bay  
  70  8:04  Armory  
  70  8:14  Armory  
  70  8:16  Engineering Bay  
  70  8:18  Corvid Reactor  
  70  8:24  Marine x6  
  76  8:29  Supply Depot  
  76  8:31  Supply Depot  
  76  8:33  SCV  
  69  8:41  Marine x2  
  69  8:45  SCV  
  67  8:51  Supply Depot  
  64  8:57  SCV  
  64  9:02  Missile Turret  
  64  9:06  Missile Turret x3  
  64  9:08  Missile Turret  
  64  9:09  SCV  
  65  9:18  SCV  
  65  9:21  SCV  
  67  9:26  Missile Turret  
  67  9:30  Marine x4, SCV  
  72  9:34  Missile Turret  
  72  9:35  Missile Turret  
  72  9:36  Missile Turret  
  68  10:01  Medivac x4  
  62  11:05  Viking x4  
  70  11:35  Viking x4  
  78  12:05  Viking x3  
  81  12:26  Viking  
  83  12:32  Orbital Command  
  83  12:35  Viking x2  
Show
View Real Time Build Order
Export as new Build Order

Winthrowe Protoss 

Build Orders:  

Get SALT Encoding   

  12  0:01  Probe (Chrono Boost)  
  14  0:14  Probe (Chrono Boost)  
  14  0:24  Pylon  
  14  0:25  Probe (Chrono Boost)  
  15  0:42  Probe (Chrono Boost)  
  16  0:45  Gateway  
  16  0:52  Probe (Chrono Boost)  
  17  0:59  Assimilator  
  17  1:03  Probe (Chrono Boost)  
  18  1:05  Assimilator  
  18  1:13  Probe (Chrono Boost)  
  19  1:24  Probe (Chrono Boost)  
  20  1:34  Probe (Chrono Boost)  
  21  1:45  Probe (Chrono Boost)  
  22  1:52  Cybernetics Core  
  22  2:00  Pylon  
  22  2:30  Stalker  
  24  3:00  Stalker  
  26  3:14  Probe (Chrono Boost)  
  27  3:25  Probe (Chrono Boost)  
  28  3:30  Stalker  
  30  3:35  Probe (Chrono Boost)  
  29  3:46  Probe (Chrono Boost)  
  28  3:56  Probe (Chrono Boost)  
  29  4:07  Probe (Chrono Boost)  
  28  4:11  Warp Gate  
  28  4:18  Probe (Chrono Boost)  
  28  4:22  Gateway  
  29  4:24  Gateway  
  10  5:09  Probe (Chrono Boost)  
  11  5:17  Stalker x2  
  11  5:18  Stalker  
  11  5:19  Probe (Chrono Boost)  
  18  5:30  Probe (Chrono Boost)  
  19  5:40  Probe (Chrono Boost)  
  20  5:47  Stalker  
  22  5:51  Mothership Core (Chrono Boost)  
  22  5:56  Stalker  
  26  5:59  Stalker  
  28  6:10  Probe (Chrono Boost)  
  29  6:20  Probe (Chrono Boost)  
  30  6:31  Probe (Chrono Boost)  
  31  6:50  Pylon  
  31  6:57  Pylon  
  31  7:08  Probe (Chrono Boost)  
  32  7:18  Probe (Chrono Boost)  
  33  7:29  Probe (Chrono Boost)  
  34  7:39  Probe (Chrono Boost)  
  35  7:50  Probe (Chrono Boost)  
  25  8:00  Probe (Chrono Boost)  
  26  8:11  Probe (Chrono Boost)  
  27  8:22  Stargate, Probe (Chrono Boost)  
  28  8:32  Probe (Chrono Boost)  
  29  8:43  Probe (Chrono Boost)  
  29  8:48  Stalker  
  32  8:51  Zealot x2  
  36  9:18  Zealot  
  36  9:32  Probe (Chrono Boost)  
  37  9:42  Probe (Chrono Boost)  
  37  9:53  Probe (Chrono Boost)  
  29  10:03  Probe (Chrono Boost)  
  25  10:14  Probe (Chrono Boost)  
  26  10:24  Probe (Chrono Boost)  
  27  10:35  Probe (Chrono Boost)  
  28  10:45  Probe (Chrono Boost)  
  17  11:32  Probe (Chrono Boost)  
Show
View Real Time Build Order
Export as new Build Order

Nikitta Terran 

Build Orders:  

Get SALT Encoding   

  12  0:25  SCV  
  13  0:36  Supply Depot  
  13  0:37  SCV  
  13  0:42  Refinery  
  14  1:08  Barracks  
  14  1:13  SCV, Supply Depot  
  15  1:26  SCV  
  16  1:38  SCV, Refinery  
  17  1:42  Supply Depot  
  17  1:50  SCV  
  18  2:01  Factory  
  18  2:02  SCV  
  18  2:05  Supply Depot  
  19  2:14  SCV  
  20  2:20  Barracks Reactor  
  20  2:29  Supply Depot  
  20  2:34  SCV  
  21  2:46  SCV  
  21  2:47  Factory  
  22  2:55  Supply Depot  
  22  3:02  Factory Tech Lab  
  22  3:07  Marine x2  
  24  3:22  Supply Depot  
  24  3:25  Marine x2  
  26  3:28  SCV  
  27  3:43  Marine  
  27  3:45  Supply Depot  
  28  3:48  Armory  
  28  3:53  Siege Tank  
  31  4:25  Siege Tank  
  34  4:32  Factory Tech Lab  
  34  4:55  Supply Depot  
  34  4:57  Siege Tank  
  37  5:00  Starport  
  37  5:29  Siege Tank  
  37  5:30  Command Center  
  40  5:40  Siege Tank  
  43  6:04  Refinery  
  43  6:08  Siege Tank  
  35  6:12  Siege Tank  
  24  6:43  SCV  
  25  6:56  SCV  
  26  7:08  SCV  
  27  7:20  SCV  
  27  7:22  SCV  
  29  7:32  SCV  
  29  7:34  SCV  
  31  7:44  SCV  
  32  7:52  SCV  
  32  7:56  SCV  
  34  8:04  SCV  
  35  8:08  SCV  
  36  8:17  SCV  
  37  8:20  SCV  
  38  8:29  SCV  
  39  8:41  SCV  
  40  8:48  Engineering Bay  
  40  8:53  SCV  
  41  8:57  Siege Tank  
  44  9:05  SCV  
  37  9:17  SCV  
  37  9:21  Missile Turret  
  38  9:29  Siege Tank  
  38  9:30  SCV  
  42  9:42  Missile Turret  
  42  10:01  Siege Tank  
  45  10:25  SCV  
  46  10:33  Siege Tank  
  49  10:38  SCV  
  50  10:44  Missile Turret  
  50  10:48  SCV  
  51  10:57  Siege Tank  
  51  11:00  SCV  
  51  11:02  SCV  
  56  11:05  Siege Tank  
  56  11:06  Missile Turret  
  59  11:12  SCV  
  59  11:14  SCV  
  59  11:24  SCV  
  57  11:26  SCV  
  57  11:29  Siege Tank  
  61  11:37  Siege Tank  
  61  11:38  SCV  
  31  11:50  SCV  
Show
View Real Time Build Order
Export as new Build Order

LERATUL Protoss - Winner!

Build Orders:  

Get SALT Encoding   

  12  0:02  Probe (Chrono Boost)  
  13  0:18  Pylon  
  13  0:20  Probe (Chrono Boost)  
  14  0:42  Forge  
  14  0:51  Pylon  
  14  1:17  Photon Cannon  
  14  1:20  Probe (Chrono Boost)  
  15  1:26  Assimilator  
  15  1:30  Probe (Chrono Boost)  
  16  1:35  Photon Cannon  
  16  1:39  Pylon  
  16  2:01  Photon Cannon  
  16  2:02  Photon Cannon  
  16  2:21  Pylon  
  16  2:40  Photon Cannon  
  16  3:05  Photon Cannon  
  16  3:07  Photon Cannon  
  16  3:08  Pylon  
  16  3:42  Pylon  
  16  3:59  Assimilator  
  16  4:02  Probe (Chrono Boost)  
  17  4:04  Assimilator  
  17  4:07  Pylon  
  17  4:11  Pylon  
  17  4:12  Probe (Chrono Boost)  
  17  4:14  Assimilator  
  18  4:23  Probe (Chrono Boost)  
  19  4:33  Probe (Chrono Boost)  
  19  4:37  Nexus  
  20  4:40  Assimilator  
  20  4:44  Assimilator, Probe (Chrono Boost)  
  21  4:57  Gateway  
  21  4:58  Photon Cannon  
  21  5:01  Pylon  
  21  5:05  Probe (Chrono Boost)  
  22  5:15  Probe (Chrono Boost)  
  23  5:26  Probe (Chrono Boost)  
  24  5:37  Probe (Chrono Boost)  
  25  5:47  Probe (Chrono Boost)  
  25  5:49  Cybernetics Core  
  26  5:50  Photon Cannon  
  26  5:58  Probe (Chrono Boost)  
  26  6:02  Probe (Chrono Boost)  
  28  6:08  Probe (Chrono Boost)  
  29  6:12  Probe (Chrono Boost)  
  30  6:19  Probe (Chrono Boost)  
  30  6:23  Probe (Chrono Boost)  
  32  6:29  Probe (Chrono Boost)  
  32  6:31  Stargate  
  32  6:32  Stargate  
  33  6:33  Probe (Chrono Boost)  
  33  6:34  Stargate  
  35  6:40  Probe (Chrono Boost)  
  35  6:44  Probe (Chrono Boost)  
  35  6:47  Stargate  
  36  6:48  Protoss Shields Level 1 (Chrono Boost)  
  36  6:49  Stargate  
  36  6:52  Pylon  
  36  6:56  Protoss Air Weapons Level 1 (Chrono Boost), Pylon  
  36  7:24  Void Ray x2  
  44  7:36  Void Ray  
  48  7:52  Probe  
  49  8:04  Probe  
  50  8:13  Void Ray x2  
  50  8:16  Probe  
  50  8:17  Void Ray  
  63  8:32  Void Ray  
  67  8:51  Pylon  
  67  8:53  Pylon  
  67  8:55  Pylon  
  67  8:57  Pylon  
  67  9:09  Void Ray  
  71  9:22  Void Ray x2  
  79  9:26  Void Ray  
  83  9:52  Void Ray  
  87  10:13  Nexus  
  87  10:16  Assimilator  
  87  10:20  Assimilator  
  87  10:30  Void Ray  
  87  10:31  Void Ray x2  
  99  10:59  Pylon  
  99  11:00  Pylon x2  
  99  11:12  Protoss Air Armor Level 1 (Chrono Boost)  
  99  11:16  Void Ray x2  
  107  11:27  Void Ray  
  107  11:31  Void Ray  
  115  11:59  Void Ray x2  
  123  12:11  Probe  
  124  12:22  Probe  
  125  12:32  Probe  
  126  12:43  Probe  
  127  12:53  Probe  
  127  12:58  Void Ray x3  
  132  13:03  Void Ray  
Show
View Real Time Build Order
Export as new Build Order

wwwaldo Protoss - Winner!

Build Orders:  

Get SALT Encoding   

  12  0:02  Probe (Chrono Boost)  
  13  0:12  Probe (Chrono Boost)  
  14  0:23  Probe (Chrono Boost)  
  15  0:32  Pylon  
  15  0:43  Pylon  
  15  0:45  Assimilator  
  15  0:50  Probe (Chrono Boost)  
  16  1:01  Probe (Chrono Boost)  
  17  1:11  Probe (Chrono Boost)  
  18  1:26  Nexus  
  18  1:32  Probe (Chrono Boost)  
  19  1:40  Assimilator  
  19  1:51  Probe (Chrono Boost)  
  19  1:53  Gateway  
  21  2:01  Probe (Chrono Boost)  
  21  2:12  Probe (Chrono Boost)  
  22  2:22  Probe (Chrono Boost)  
  23  2:33  Probe (Chrono Boost)  
  24  2:43  Probe (Chrono Boost)  
  25  2:46  Probe (Chrono Boost)  
  26  2:54  Probe (Chrono Boost)  
  26  2:57  Assimilator, Probe (Chrono Boost)  
  28  3:02  Assimilator  
  28  3:04  Probe (Chrono Boost)  
  29  3:07  Probe (Chrono Boost)  
  30  3:15  Probe (Chrono Boost)  
  30  3:18  Probe (Chrono Boost)  
  32  3:20  Cybernetics Core  
  32  3:25  Probe (Chrono Boost)  
  33  3:28  Probe (Chrono Boost)  
  34  3:36  Probe (Chrono Boost)  
  34  3:40  Probe (Chrono Boost)  
  36  3:46  Probe (Chrono Boost)  
  37  3:50  Probe (Chrono Boost)  
  38  4:06  Pylon  
  38  4:07  Pylon  
  38  4:09  Pylon  
  38  4:31  Stargate  
  38  4:32  Stargate  
  38  4:34  Stargate  
  38  5:09  Nexus  
  38  5:15  Assimilator  
  38  5:18  Assimilator  
  38  5:30  Fleet Beacon  
  38  5:45  Protoss Air Armor Level 1 (Chrono Boost)  
  38  6:02  Stargate  
  38  6:05  Pylon  
  38  6:06  Pylon  
  38  6:08  Pylon  
  38  6:10  Pylon  
  38  6:12  Pylon  
  38  6:13  Pylon  
  38  6:21  Carrier  
  38  6:23  Carrier x2  
  56  6:41  Carrier  
  62  6:55  Graviton Catapult (Chrono Boost)  
  62  7:03  Probe  
  63  7:14  Probe  
  64  7:25  Probe  
  65  7:35  Protoss Air Armor Level 2 (Chrono Boost)  
  65  7:45  Carrier  
  65  7:47  Carrier  
  65  7:49  Carrier  
  83  7:56  Carrier (Chrono Boost)  
  89  8:29  Forge  
  89  8:30  Probe  
  90  8:42  Probe  
  91  8:54  Probe  
  92  9:11  Carrier (Chrono Boost)  
  92  9:12  Carrier (Chrono Boost)  
  104  9:19  Protoss Shields Level 1 (Chrono Boost)  
  104  9:23  Protoss Air Armor Level 3  
  104  9:24  Carrier x2 (Chrono Boost)  
  116  10:18  Carrier  
  116  10:30  Carrier  
  128  10:47  Pylon  
  128  10:48  Pylon  
  128  10:49  Pylon  
  128  10:50  Pylon  
  128  10:51  Pylon  
  128  10:56  Carrier  
  128  11:05  Carrier  
  140  11:33  Carrier  
  146  12:01  Carrier  
  152  12:10  Carrier  
  158  12:30  Carrier  
  170  13:29  Pylon x2  
  170  13:32  Pylon  
Show
View Real Time Build Order
Export as new Build Order

Titus Protoss - Winner!

Build Orders: 1 Gate Expand, Oracle Opening 

Get SALT Encoding   

  12  0:01  Probe (Chrono Boost)  
  13  0:11  Probe (Chrono Boost)  
  14  0:20  Pylon  
  14  0:22  Probe (Chrono Boost)  
  15  0:38  Probe (Chrono Boost)  
  15  0:40  Gateway  
  16  0:49  Probe (Chrono Boost)  
  17  0:55  Assimilator  
  17  0:59  Probe (Chrono Boost)  
  18  1:10  Probe (Chrono Boost)  
  19  1:21  Nexus  
  19  1:31  Cybernetics Core  
  19  1:35  Probe (Chrono Boost)  
  20  1:40  Assimilator  
  20  1:45  Probe (Chrono Boost)  
  21  1:56  Probe (Chrono Boost)  
  22  2:06  Probe (Chrono Boost)  
  23  2:17  Stargate  
  23  2:19  Pylon  
  23  2:29  Pylon  
  23  2:33  Probe (Chrono Boost)  
  23  2:34  Warp Gate (Chrono Boost)  
  24  2:39  Pylon  
  24  2:45  Probe  
  24  2:49  Forge  
  25  2:53  Probe  
  25  2:57  Probe  
  27  3:04  Probe, Oracle  
  31  3:09  Probe  
  32  3:13  Mothership Core  
  32  3:18  Assimilator  
  34  3:21  Probe  
  35  3:28  Photon Cannon  
  35  3:33  Probe  
  36  3:36  Photon Cannon  
  36  3:41  Probe  
  36  3:45  Probe  
  38  3:58  Stargate  
  38  4:02  Stargate  
  38  4:06  Assimilator  
  38  4:08  Probe  
  38  4:09  Probe  
  40  4:19  Probe  
  40  4:22  Void Ray, Probe  
  46  4:29  Probe  
  47  4:34  Probe  
  48  4:40  Probe  
  48  4:43  Oracle  
  52  4:46  Probe  
  53  5:09  Oracle  
  56  5:14  Probe  
  56  5:16  Probe  
  58  5:25  Protoss Air Weapons Level 1 (Chrono Boost), Probe  
  58  5:28  Probe  
  60  5:35  Pylon  
  60  5:36  Probe  
  60  5:37  Pylon  
  60  5:40  Pylon  
  60  5:42  Twilight Council  
  61  5:44  Pylon  
  61  5:52  Pylon x2  
  61  5:53  Void Ray x2  
  66  6:33  Void Ray  
  66  6:37  Void Ray  
  74  6:47  Void Ray  
  78  6:55  Probe  
  78  6:57  Probe  
  80  7:06  Probe  
  81  7:09  Probe  
  81  7:13  Protoss Shields Level 1  
  82  7:16  Void Ray  
  82  7:18  Protoss Air Armor Level 1 (Chrono Boost)  
  86  7:32  Nexus  
  86  7:35  Pylon  
  86  7:36  Pylon  
  86  7:38  Pylon  
  86  7:41  Pylon  
  86  7:42  Fleet Beacon  
  86  7:43  Pylon  
  86  7:46  Assimilator  
  86  7:49  Assimilator  
  86  7:59  Void Ray  
  86  8:00  Void Ray  
  94  8:14  Probe  
  94  8:16  Probe  
  94  8:18  Photon Cannon  
  94  8:19  Photon Cannon  
  96  8:22  Photon Cannon  
  96  8:23  Photon Cannon  
  96  8:25  Photon Cannon  
  96  8:27  Photon Cannon  
  96  8:28  Probe  
  96  8:30  Photon Cannon  
  96  8:31  Photon Cannon  
  97  8:48  Void Ray  
  97  8:49  Void Ray x2  
  105  9:48  Void Ray x3  
  111  10:37  Tempest  
  111  10:38  Tempest x2  
  107  10:59  Pylon  
  107  11:03  Pylon  
  107  11:08  Photon Cannon  
  107  11:10  Photon Cannon, Probe x2  
  107  11:11  Probe  
  110  11:20  Probe, Tempest  
  110  11:21  Probe  
  110  11:23  Probe, Tempest x2  
  131  11:35  Probe  
  132  12:03  Tempest  
  132  12:06  Tempest x2  
  150  12:46  Tempest  
  150  12:49  Gateway, Tempest x2  
  150  12:50  Gateway  
  168  12:53  Gateway  
  168  12:55  Gateway  
  168  12:57  Gateway  
  168  13:00  Gateway  
  168  13:01  Gateway  
  168  13:05  Pylon  
  168  13:07  Pylon  
  168  13:09  Pylon  
  168  13:12  Pylon  
Show
View Real Time Build Order
Export as new Build Order

gingas Protoss - Winner!

Build Orders: Phoenix Opening 

Get SALT Encoding   

  12  0:03  Probe (Chrono Boost)  
  14  0:14  Probe (Chrono Boost)  
  14  0:24  Pylon  
  14  0:27  Probe (Chrono Boost)  
  15  0:41  Pylon  
  15  0:47  Probe (Chrono Boost)  
  16  0:58  Probe (Chrono Boost)  
  17  1:08  Probe (Chrono Boost)  
  17  1:11  Gateway  
  18  1:16  Assimilator  
  18  1:19  Probe (Chrono Boost)  
  19  1:29  Probe (Chrono Boost)  
  21  1:40  Probe (Chrono Boost)  
  21  1:50  Probe (Chrono Boost)  
  22  2:01  Probe (Chrono Boost)  
  23  2:03  Cybernetics Core  
  23  2:11  Probe (Chrono Boost)  
  23  2:14  Nexus  
  24  2:22  Probe (Chrono Boost)  
  25  2:27  Assimilator  
  25  2:32  Pylon  
  25  2:35  Probe (Chrono Boost)  
  26  2:56  Stargate  
  26  3:02  Probe (Chrono Boost)  
  26  3:03  Forge  
  27  3:12  Probe (Chrono Boost)  
  28  3:17  Assimilator  
  28  3:19  Pylon  
  28  3:23  Assimilator  
  28  3:26  Pylon  
  28  3:29  Probe (Chrono Boost)  
  29  3:40  Probe x2 (Chrono Boost)  
  31  3:47  Phoenix  
  33  3:50  Probe x2 (Chrono Boost)  
  35  4:08  Probe (Chrono Boost)  
  36  4:15  Phoenix  
  36  4:16  Stargate  
  38  4:23  Probe (Chrono Boost)  
  39  4:26  Probe (Chrono Boost)  
  40  4:33  Probe (Chrono Boost)  
  40  4:36  Probe (Chrono Boost)  
  42  4:42  Phoenix  
  42  4:44  Probe (Chrono Boost)  
  45  4:47  Probe (Chrono Boost)  
  45  4:48  Protoss Air Weapons Level 1  
  46  4:54  Probe (Chrono Boost)  
  47  5:26  Phoenix x2  
  51  5:29  Probe (Chrono Boost)  
  52  5:36  Fleet Beacon  
  52  5:39  Probe (Chrono Boost)  
  52  5:41  Pylon  
  53  5:45  Pylon  
  53  5:51  Stargate  
  53  6:00  Phoenix x2  
  57  6:08  Probe (Chrono Boost)  
  58  6:19  Probe (Chrono Boost)  
  59  6:33  Stargate  
  59  6:42  Nexus  
  59  6:43  Protoss Air Armor Level 1  
  59  6:50  Pylon  
  59  6:55  Pylon  
  59  7:01  Pylon  
  59  7:07  Assimilator  
  59  7:08  Phoenix x2  
  59  7:09  Phoenix  
  65  7:16  Assimilator  
  65  7:18  Photon Cannon  
  65  7:22  Photon Cannon  
  65  7:26  Photon Cannon  
  65  7:33  Photon Cannon  
  65  7:44  Carrier x2  
  77  7:52  Graviton Catapult  
  77  8:00  Probe (Chrono Boost)  
  77  8:04  Mothership Core (Chrono Boost)  
  80  8:11  Probe (Chrono Boost)  
  81  8:21  Probe (Chrono Boost)  
  80  9:42  Probe (Chrono Boost)  
  81  9:51  Carrier x4  
  105  9:53  Probe (Chrono Boost)  
  106  10:02  Pylon  
  106  10:03  Probe (Chrono Boost)  
  107  10:11  Pylon  
  108  10:14  Pylon, Probe (Chrono Boost)  
  108  10:22  Pylon, Protoss Air Weapons Level 2  
  108  10:28  Pylon  
  108  11:16  Carrier x2  
  108  11:17  Carrier  
Tags
 
Add a new tag
Caveats
  • Supply blocks, unpowered buildings, or Contaminate may cause inaccurate times.
  • Supply counts are checked every 10 seconds.